 Dungeon Crawl Stone Soup version 0.21.0-3-g78d12a8 (webtiles) character file.

120 LostInTranslocation the Ruffian (level 5, -1/44 HPs)
             Began as a Naga Transmuter on Jan 18, 2018.
             Killed from afar by Sharkman1231's ghost (9 damage)
             ... with a magic dart
             ... on level 3 of the Dungeon.
             The game lasted 00:12:43 (2915 turns).

LostInTranslocation the Ruffian (Naga Transmuter)   Turns: 2915, Time: 00:12:44

Health: -1/44      AC:  2    Str: 11 (13) XL:     5   Next: 4%
Magic:  3/8        EV:  9    Int: 11 (14) God:
Gold:   152        SH:  9    Dex:  9 (11) Spells: 2/8 levels left

rFire    . . .     SeeInvis +   b - +1 hunting sling (flame)
rCold    . . .     Gourm    .   s - +0 buckler
rNeg     . . .     Faith    .   y - +0 robe
rPois    +         Spirit   .   (no helmet)
rElec    .         Reflect  +   (no cloak)
rCorr    .         Harm     .   (no gloves)
MR       .....                  (no barding)
Stlth    +.........             n - +6 amulet of reflection
HPRegen  0.14/turn              (no ring)
MPRegen  0.11/turn              (no ring)

@: lethally poisoned (-1 -> -10), very slightly contaminated, hasted, invisible,
quick
A: large, see invisible, deformed body, poison resistance, slowness 2, slow
metabolism 1, spit poison 1, AC +1
a: Spit Poison


You were on level 3 of the Dungeon.
You were not hungry.

You visited 1 branch of the dungeon, and saw 3 of its levels.

You collected 152 gold pieces.

Inventory:

Hand Weapons
 b - a +1 hunting sling of flaming (weapon)
 g - a +0 spear
Missiles
 a - 21 arrows
 j - 69 stones (quivered)
 z - 57 sling bullets
Armour
 s - a +0 buckler (worn)
 y - a +0 robe (worn)
Jewellery
 n - a +6 amulet of reflection (around neck)
Scrolls
 m - a scroll of noise {unknown}
 o - a scroll of immolation {unknown}
 t - a scroll of enchant weapon {unknown}
 u - 2 scrolls of magic mapping {unknown}
 v - a scroll of teleportation {unknown}
 B - a scroll of remove curse {unknown}
Potions
 k - a potion of magic
 q - a potion of flight
 E - a potion of might {unknown}
Books
 c - a book of Changes

   Spells                             Type                      Level
   a - Beastly Appendage              Transmutation                1
   b - Sticks to Snakes               Transmutation                2
   c - Spider Form                    Transmutation/Poison         3
   d - Ice Form                       Ice/Transmutation            4
   e - Blade Hands                    Transmutation                5
Comestibles
 d - 4 rations
 C - 2 chunks of flesh


   Skills:
 - Level 1.1 Fighting
 - Level 1.6 Dodging
 + Level 1.3 Shields
 + Level 4.7 Unarmed Combat
 - Level 2.1 Spellcasting
 + Level 2.4 Transmutations


You had 2 spell levels left.
You knew the following spells:

 Your Spells              Type           Power        Failure   Level  Hunger
a - Beastly Appendage     Tmut           #.....       13%         1    ##.....
b - Sticks to Snakes      Tmut           #.......     21%         2    ###....
c - Spider Form           Tmut/Pois      #.........   54%         3    ####...


Dungeon Overview and Level Annotations

Branches:
Dungeon (3/15)

Altars:
Ashenzari

Annotations:
D:3 Sharkman1231's ghost, amateur DsWz; Sigmund


Innate Abilities, Weirdness & Mutations

You cannot wear boots.
Your serpentine skin is tough. (AC +1)
You have supernaturally acute eyesight. (SInv)
Armour fits poorly on your strangely shaped body.
Your system is resistant to poisons. (rPois)
You cover ground very slowly.
You have a slow metabolism.
You can spit poison.


Message History

You feel sick.
You take 1 damage, and have 15/44 hp.
It was a potion of degeneration.
There was something very wrong with that liquid.
You feel weakened.
You feel dopey.
You feel clumsy.
You feel sick.
You take 1 damage, and have 14/44 hp.
It was a potion of invisibility.
You fade into invisibility!
Your adder is engulfed in noxious fumes.
Your adder appears confused.
Sharkman1231's ghost hits you.
* * * LOW HITPOINT WARNING * * *
You are very lightly contaminated with residual magic.
You take 5 damage, and have 9/44 hp.
* * * LOW HITPOINT WARNING * * *
You feel sick.
Sharkman1231's ghost gestures at you while chanting.
The magic dart hits you!
You die...

# #...# #.........# # #...#
#.####.##.######## #
#####...#####.####..#.##.....#
###...........#..........#.....#
.................#.##..#.......#
###...........##.#.##....#.....#
# #####...######.#S(........)..#
#...# #.#(.#..#.##.#### #...#
#@#..#..#.##.# ####...#
#.WS......##.# #.....##
#######.#.##.# #.#######
#.#.##.# #.###...## #......#
#.##.....######## ###.#### ##
####.#.............###
#.#######.
............##.......#
#........#
.###.#.#....##.###.#.#
#########.


You could see Sharkman1231's ghost and a friendly adder (confused).

Vanquished Creatures
  5 adders
  An ooze (D:1)
  3 dart slugs
  An orc (D:3)
  13 bats
  3 goblins
  7 hobgoblins
  4 jackals (D:3)
  9 kobolds
  4 quokkas
  3 frilled lizards (D:1)
  5 rats
58 creatures vanquished.

Vanquished Creatures (collateral kills)
  A hobgoblin (D:2)
1 creature vanquished.

Grand Total: 59 creatures vanquished

Notes
Turn   | Place    | Note
-------+----------+-------------------------------------------
     0 | D:1      | LostInTranslocation the Naga Transmuter began the quest for the Orb.
     0 | D:1      | Reached XP level 1. HP: 18/18 MP: 3/3
   219 | D:1      | Reached XP level 2. HP: 25/25 MP: 5/5
   343 | D:1      | Learned a level 2 spell: Sticks to Snakes
   647 | D:1      | Reached XP level 3. HP: 31/31 MP: 6/6
   652 | D:1      | Learned a level 3 spell: Spider Form
  1032 | D:2      | Reached skill level 4 in Unarmed Combat
  1619 | D:2      | Reached XP level 4. HP: 37/38 MP: 7/7
  1899 | D:2      | Reached skill level 1 in Shields
  2146 | D:2      | Found a shattered altar of Ashenzari.
  2226 | D:3      | Noticed Sigmund
  2388 | D:3      | Noticed Sharkman1231's ghost (amateur DsWz)
  2750 | D:3      | Reached XP level 5. HP: 44/44 MP: 8/8
  2915 | D:3      | Killed from afar by Sharkman1231's ghost

Skill      XL: |  1  2  3  4 |
---------------+-------------+-----
Unarmed Combat | 4 |  4.7
Shields        | 1 |  1.3
Fighting       | |  1.1
Dodging        | |  1.6
Spellcasting   | |  2.1
Transmutations | |  2.4

Action                   |  1- 3 |  4- 6 || total
-------------------------+-------+-------++-------
Melee: Unarmed           |    69 |    36 ||   105
       Spear             |     2 |       ||     2
       Headbutt          |     9 |     2 ||    11
 Fire: Hunting sling     |       |    48 ||    48
 Cast: Beastly Appendage |    15 |    11 ||    26
       Sticks to Snakes  |     4 |     3 ||     7
 Abil: Spit Poison       |    18 |     5 ||    23
  Use: Scroll            |     1 |     2 ||     3
       Potion            |       |     4 ||     4
 Stab: Distracted        |     1 |       ||     1
  Eat: Chunk             |     3 |     4 ||     7
Armor: Robe              |    17 |    11 ||    28
Dodge: Dodged            |    43 |    16 ||    59
Block: Buckler           |     8 |    34 ||    42
       Other             |     7 |       ||     7
       Reflection        |       |     1 ||     1
